 Dungeon Crawl Stone Soup version 0.27.0-1-g7a089689b8 (webtiles) character file.

Game seed: 7435319519565079827

808 Descartes the Ducker (level 7, -1/33 HPs)
             Began as a Spriggan Wanderer on Aug 10, 2021.
             Was an Initiate of Gozag.
             Slain by a wyvern zombie (9 damage)
             ... on level 5 of the Dungeon.
             The game lasted 00:12:00 (7219 turns).

Descartes the Ducker (Spriggan Wanderer)            Turns: 7219, Time: 00:12:00

Health: -1/33      AC:  3    Str: 10    XL:     7   Next: 60%
Magic:  8/8        EV: 21    Int: 12    God:    Gozag
Gold:   501        SH:  0    Dex: 16    Spells: 6/6 levels left

rFire    + + .     SeeInvis +   b - +2 dagger (venom)
rCold    . . .     Faith    .   (shield restricted)
rNeg     . . .     Spirit   .   v - +0 robe of Jusen {*Slow rF++ rCorr}
rPois    .         Reflect  .   (helmet restricted)
rElec    .         Harm     .   h - +0 cloak
rCorr    +         Rampage  .   (gloves unavailable)
Will     +....                  (boots unavailable)
Stlth    +++.......             (no amulet)
HPRegen  0.11/turn              (no ring)
MPRegen  0.11/turn              (no ring)

@: very quick
A: very small, no large weapons, unfitting armour, see invisible, speed 3
a: Renounce Religion, Potion Petition, Call Merchant, Bribe Branch


You were on level 5 of the Dungeon.
You worshipped Gozag.
Gozag was pleased with you.
You visited 1 branch of the dungeon, and saw 5 of its levels.

You collected 529 gold pieces.
You paid 28 gold pieces to Gozag.

Inventory:

Hand Weapons
 a - a +2 shortbow
 b - a +2 dagger of venom (weapon)
 c - a +0 hand crossbow
Missiles
 d - 28 bolts
 g - 16 sling bullets
 j - 47 arrows
 n - 209 stones (quivered)
 t - a throwing net
 y - 8 atropa-tipped darts
Armour
 f - a +0 robe
 h - a +0 cloak (worn)
 v - the +0 robe of Jusen (worn) {*Slow rF++ rCorr}
   (You found it on level 4 of the Dungeon)

   rF:        It greatly protects you from fire.
   rCorr:     It protects you from acid and corrosion.
   *Slow:     It may slow you when you take damage.
Jewellery
 B - a ring of fire
Wands
 w - a wand of digging (5)
Scrolls
 l - a scroll of brand weapon {unknown}
 m - 2 scrolls of teleportation {unknown}
 o - 4 scrolls of identify {unknown}
 p - a scroll of enchant armour {unknown}
 r - 4 scrolls of fear {unknown}
 s - a scroll of noise {unknown}
 u - a scroll of summoning {unknown}
 x - a scroll of magic mapping {unknown}
 C - a scroll of blinking {unknown}
Potions
 e - 2 potions of lignification
 i - 3 potions of ambrosia {unknown}
 k - 2 potions of might {unknown}
 q - 2 potions of mutation {unknown}
 z - a potion of flight {unknown}
 A - 2 potions of curing {unknown}


   Skills:
 - Level 1.5 Fighting
 + Level 3.7(3.9) Short Blades
 - Level 1.0(2.0) Long Blades
 - Level 5.0 Bows
 + Level 7.8 Dodging
 + Level 6.1 Stealth
 - Level 2.6 Evocations


You had 6 spell levels left.
You didn't know any spells.
Your spell library contained the following spells:

 Spells                   Type           Power      Damage    Failure   Level
 Animate Skeleton         Necr           0%         N/A       32%         1
 Pain                     Necr           0%         1d4       32%         1
 Ensorcelled Hibernation  Hex/Ice        0%         N/A       45%         2
 Spider Form              Tmut/Pois      0%         N/A       69%         3
 Vampiric Draining        Necr           0%         2d6       69%         3
 Shadow Creatures         Summ           N/A        N/A       100%        6


Dungeon Overview and Level Annotations

Branches:
Dungeon (5/15)             Temple (0/1) D:5

Altars:
Fedhas
Gozag
Uskayaw
Wu Jian

Shops:
D:4 [


Innate Abilities, Weirdness & Mutations

You are very small and have problems with some larger weapons.
You are too small for most types of armour.
You have supernaturally acute eyesight. (SInv)
You cover ground extremely quickly. (Speed+++)


Message History

You now have 495 gold pieces (gained 4).
There is an open translucent door here.
You enter the shallow water.
Moving in this stuff is going to be slow.
You now have 501 gold pieces (gained 6).
Done exploring.
Done exploring.
There is an open translucent door here.
Things that are here:
a +0 short sword; a +0 ring mail; a +0 falchion You see here a +0 flail.
A wyvern zombie is nearby!
You completely miss the wyvern zombie.
The wyvern zombie is heavily damaged.
The wyvern zombie bites you! The wyvern zombie misses you.
You hit the wyvern zombie.
The wyvern zombie is severely damaged.
The wyvern zombie bites you but does no damage.
You hit the wyvern zombie.
The wyvern zombie is severely damaged.
The wyvern zombie completely misses you.
You hit the wyvern zombie but do no damage.
The wyvern zombie is severely damaged.
The wyvern zombie closely misses you.
You hit the wyvern zombie.
The wyvern zombie is severely damaged.
The wyvern zombie bites you!
* * * LOW HITPOINT WARNING * * *
You are too injured to fight recklessly!
You are too injured to fight recklessly!
You are too injured to fight recklessly!
You are too injured to fight recklessly!
You are too injured to fight recklessly!
You are too injured to fight recklessly!
You are too injured to fight recklessly!
You hit the wyvern zombie.
The wyvern zombie is almost destroyed.
The wyvern zombie bites you!
You die...
Your body crumbles into a pile of gold.

......########.#.###..# ####
.####.#........#..##..########.<.
......#.########..##.............
#####.#........#..###.########.##
......########.#......# #.#
#####.#........#.###### #.#
....#.#.########.# ##Z##
................Z# #....
###.#########..#@# #..## #[#
#.##.# #..# #.# #>##.# #..##
#.#########.##.# #....
#..............######### #.###
#.#########............# #.# #.#
############.## #.# #.#
##...###.### #.# #...........


You could see a wyvern zombie.

Vanquished Creatures
  3 ogres (D:4)
  A scorpion (D:5)
  A water moccasin skeleton (D:5)
  2 hounds (D:4)
  An orc priest (D:5)
  A centaur skeleton (D:5)
  2 iguanas
  Terence (D:3)
  A scorpion zombie (D:3)
  A hound zombie (D:5)
  A hound skeleton (D:4)
  4 adders
  5 gnolls
  A white imp (D:5)
  An adder skeleton (D:3)
  2 worms
  The ghost of GordonOverkill the Sneak, a weakling HuDe (D:5)
  A dart slug (D:4)
  6 orcs
  6 ball pythons
  3 bats
  7 endoplasms
  5 giant cockroaches
  4 goblins
  4 hobgoblins
  11 jackals
  3 quokkas
  3 frilled lizards (D:1)
  7 kobolds
  8 rats
97 creatures vanquished.

Vanquished Creatures (others)
  35 plants (D:4)
  2 withered plants (D:3)
37 creatures vanquished.

Grand Total: 134 creatures vanquished

Notes
Turn   | Place    | Note
-------+----------+-------------------------------------------
     0 | D:1      | Descartes the Spriggan Wanderer began the quest for the
                  | Orb.
     0 | D:1      | Descartes set off with the following items: a +2 shortbow,
                  | 30 arrows, a +0 hand crossbow, 28 bolts, a potion of
                  | lignification, a +0 robe
     0 | D:1      | Reached XP level 1. HP: 10/10 MP: 2/2
    36 | D:1      | Reached skill level 4 in Dodging
    77 | D:1      | Reached XP level 2. HP: 14/14 MP: 3/3
   511 | D:1      | Reached skill level 5 in Dodging
   517 | D:1      | Reached XP level 3. HP: 18/18 MP: 4/4
  1296 | D:2      | Reached XP level 4. HP: 22/22 MP: 5/5
  1888 | D:2      | Reached skill level 1 in Short Blades
  2466 | D:3      | Found a faded altar of an unknown god.
  2466 | D:3      | Noticed Terence
  2477 | D:3      | Killed Terence
  2478 | D:3      | Reached XP level 5. HP: 25/25 MP: 6/6
  2608 | D:3      | Found an ornate altar of the Wu Jian Council.
  2609 | D:3      | Found an opulent altar of Gozag.
  2610 | D:3      | Found a hide-covered altar of Uskayaw.
  2610 | D:3      | Found a blossoming altar of Fedhas.
  2616 | D:3      | Became a worshipper of Gozag Ym Sagoz the Greedy
  2743 | D:3      | Reached skill level 5 in Bows
  3104 | D:4      | Noticed an ogre
  3130 | D:4      | Killed an ogre
  3131 | D:4      | Reached skill level 6 in Dodging
  3131 | D:4      | Reached XP level 6. HP: 30/30 MP: 7/7
  3366 | D:4      | Identified the +0 robe of Jusen {*Slow rF++ rCorr}
  3570 | D:4      | Identified the +1 leather armour of Past Mistakes {rElec}
  3662 | D:4      | Found Fupoh's Antique Armour Boutique.
  4090 | D:4      | Reached skill level 7 in Dodging
  4090 | D:4      | Reached skill level 5 in Stealth
  4090 | D:4      | Reached XP level 7. HP: 10/33 MP: 8/8
  4570 | D:4      | Found Fupoh's Antique Armour Boutique.
  5438 | D:5      | Entered Level 5 of the Dungeon
  5463 | D:5      | Found a staircase to the Ecumenical Temple.
  7096 | D:5      | Found a runed translucent door.
  7098 | D:5      | Noticed GordonOverkill's ghost (weakling HuDe)
  7159 | D:5      | Killed GordonOverkill's ghost
  7219 | D:5      | Slain by a wyvern zombie

Illustrated notes

Levels and vault maps discovered:
D:1:      minmay_arrival_plants_in_alcoves, layout_loops_ring
D:2:      layout_loops_ring
D:3:      layout_basic, mainiacjoe_overflow_alcove_3,
          shapermc_ecumenical_altar_totnotflames, serial_undead,
          serial_undead_c, serial_undead_e, serial_undead_c, serial_undead_e,
          uniq_terence
D:4:      layout_loops_corners, serial_shops, nicolae_shop_trees,
          minmay_misc_feat_columns, amcnicky_mini_pool_small, kennysheep_boxes
D:5:      layout_loops_ring, minmay_temple_entry_from_below_a,
          ebering_ghost_reflecting_pool, minivault_27

Skill      XL: |  1  2  3  4  5  6  7 |
---------------+----------------------+-----
Dodging        | 4 5 6 7 |  7.8
Bows           | 3 4 5 |  5.0
Short Blades   | 1 2 3 |  3.7
Stealth        | 2 5 6 |  6.1
Fighting       | |  1.5
Long Blades    | |  1.0
Evocations     | |  2.6

Action                   |  1- 3 |  4- 6 |  7- 9 || total
-------------------------+-------+-------+-------++-------
Melee: Dagger            |    15 |    56 |    81 ||   152
 Fire: Shortbow          |    58 |   131 |    37 ||   226
 Stab: Sleeping          |       |     1 |     1 ||     2
Armor: Robe              |     2 |    10 |     4 ||    16
Dodge: Dodged            |    15 |    62 |    78 ||   155
